 Dungeon Crawl Stone Soup version 0.31-a0-986-g5e6e4ef867 (webtiles) character file.

Game seed: 9875469299145896965

41 wildpjah the Ducker (level 3, -5/28 HPs)
             Began as a Merfolk Warper on Nov 18, 2023.
             Was a Follower of Cheibriados.
             Slain by a gnoll
             ... wielding a +0 halberd
              (8 damage)
             ... on level 2 of the Dungeon.
             The game lasted 00:02:29 (1144 turns).

wildpjah the Ducker (Merfolk Warper)                Turns: 1144, Time: 00:02:30

Health: -5/28      AC:  3    Str: 14    XL:     3   Next: 52%
Magic:  6/6        EV: 13    Int: 15    God:    Cheibriados [*.....]
Gold:   59         SH:  0    Dex: 18    Spells: 4/6 levels left

rFire   . . .        a - +0 falchion
rCold   . . .        (no shield)
rNeg    . . .        b - +0 leather armour
rPois   .            (no helmet)
rElec   .            (no cloak)
rCorr   .            (no gloves)
SInv    .            (no boots)
Will    .....        (no amulet)
Stlth   +            g - ring of flight
HPRegen 0.24/turn    (no ring)
MPRegen 0.10/turn

%: no passive effects
@: flying, very slow
A: (nimble swimmer 2), mertail
a: Renounce Religion, Bend Time


You were on level 2 of the Dungeon.
You worshipped Cheibriados.
Cheibriados was aware of your devotion.
You visited 1 branch of the dungeon, and saw 2 of its levels.

You collected 59 gold pieces.

Inventory:

Hand Weapons
 a - a +0 falchion (weapon)
Missiles
 d - 7 darts of dispersal (quivered)
Armour
 b - a +0 leather armour (worn)
Jewellery
 g - a ring of flight (left hand)
Scrolls
 c - 2 scrolls of blinking
 h - a scroll of identify {unknown}
 i - a scroll of teleportation {unknown}
 j - a scroll of fog {unknown}
Potions
 e - 2 potions of curing {unknown}
 f - 2 potions of invisibility {unknown}


   Skills:
 + Level 2.4 Fighting
 + Level 3.0 Long Blades
 + Level 1.0 Throwing
 + Level 1.1 Armour
 + Level 3.0 Dodging
 + Level 0.1 Stealth
 + Level 2.1 Spellcasting
 + Level 2.8 Translocations


You had 4 spell levels left.
You knew the following spells:

 Your Spells              Type           Power      Damage    Failure   Level
a - Blink                 Tloc           20%        N/A       13%         2

Your spell library contained the following spells:

 Spells                   Type           Power      Damage    Failure   Level
 Lesser Beckoning         Tloc           20%        N/A       13%         2
 Teleport Other           Tloc           10%        N/A       26%         3
 Manifold Assault         Tloc           10%        N/A       63%         4
 Vhi's Electric Charge    Tloc/Air       10%        N/A       83%         4
 Arcjolt                  Conj/Air       0%         1d10      100%        5
 Maxwell's Capacitive Co  Air            0%         ∞         100%        8


Dungeon Overview and Level Annotations

Branches:
Dungeon (2/15)

Altars:
Cheibriados

Shops:
D:1 ?


Innate Abilities, Weirdness & Mutations

((You are very nimble when in or above water. (Stealth+, EV+, Speed+++)))
Your lower body shifts to a powerful aquatic tail in water.


Message History

i - a scroll labelled YTTOAPHIGONN
j - a scroll labelled DAFRAU POISAMN As you open the door, it creaks loudly!
There is an open door here.
You reach down and open the door. 3 gnolls and a frilled lizard come into view.
The gnoll shouts! x2; The frilled lizard hisses angrily.
The gnoll shouts!
The gnoll closely misses you.
Found 6 stones.
A rat comes into view.
The gnoll misses you. The gnoll closely misses you.
There is an open door here.
The gnoll attacks as it pursues you! The gnoll completely misses you.
The gnoll closely misses you. The gnoll hits you with a +0 whip.
The gnoll hits you from afar with a +0 halberd!
There is an open door here.
You closely miss the gnoll. The gnoll hits you with a +0 whip.
The gnoll closely misses you.
You slash the gnoll!
The gnoll is severely wounded.
The gnoll hits you with a +0 whip. The gnoll closely misses you.
You slash the gnoll!
You kill the gnoll!
Cheibriados appreciates the change of pace.
The gnoll closely misses you.
Your Long Blades skill increases to level 3!
The gnoll hits you with a +0 halberd.
* * * LOW HITPOINT WARNING * * *
The gnoll misses you. The gnoll barely misses you.
The gnoll hits you from afar with a +0 halberd.
* * * LOW HITPOINT WARNING * * *
You see here a +0 whip.
You hit the gnoll.
The gnoll is lightly wounded.
The gnoll closely misses you. x2
You completely miss the gnoll.
The gnoll is lightly wounded.
The gnoll hits you with a +0 halberd!
You die...

....... .......
############# ..r....
#...........# .......
#...........# .......
#...........# .......
+...........###g....(.
#...........'@gl......
#...........###.......
#...........# .......
####...........# ####.##
....##.....##### # ####
..........)## #.[.
....####....# #####...
....# #....### ........
....#
##.....##################'


You could see 2 gnolls and a frilled lizard.

Vanquished Creatures
  A gnoll (D:2)
  A dart slug (D:1)
  5 ball pythons
  2 endoplasms
  2 goblins
  3 hobgoblins (D:1)
  3 jackals (D:1)
  2 kobolds
  3 bats (D:1)
  3 frilled lizards (D:1)
  3 rats
28 creatures vanquished.

Notes
Turn   | Place    | Note
-------+----------+-------------------------------------------
     0 | D:1      | wildpjah the Merfolk Warper began the quest for the Orb.
     0 | D:1      | Reached XP level 1. HP: 16/16 MP: 3/3
    79 | D:1      | Found Fakiery's Magic Scroll Shop.
   108 | D:1      | Reached XP level 2. HP: 17/22 MP: 5/5
   140 | D:1      | Learned a level 2 spell: Blink
   437 | D:1      | Found a faded altar of an unknown god.
   462 | D:1      | Prayed at the altar of an unknown god.
   462 | D:1      | Became a worshipper of Cheibriados the Contemplative
   462 | D:1      | Reached * piety under Cheibriados
   586 | D:1      | Reached XP level 3. HP: 23/28 MP: 6/6
   909 | D:2      | Reached skill level 1 in Armour
  1144 | D:2      | Slain by a gnoll

Illustrated notes

Levels and vault maps discovered:
D:1:      zelgadis_glass_arrival_small, layout_basic,
          hellmonk_ecumenical_altar_pennies_from_heaven, serial_shops,
          nicolae_square_shop
D:2:      layout_basic

Skill      XL: |  1  2  3 |
---------------+----------+-----
Dodging        | 3 |  3.0
Armour         | 1 |  1.1
Long Blades    | 3 |  3.0
Fighting       | |  2.4
Throwing       | |  1.0
Stealth        | |  0.1
Spellcasting   | |  2.1
Translocations | |  2.8

Action                     || total
---------------------------++-------
  Melee: Falchion          ||    83
 Armour: Leather armour    ||    58
  Dodge: Dodged            ||    96

Table legend: (Time is in decaauts)
 A = Elapsed time spent in this place.
 B = Non-inter-level travel time spent in this place.
 C = Inter-level travel time spent in this place.
 D = Time resting spent in this place.
 E = Time spent auto-exploring this place.
 F = Levels seen in this place.
 G = Mean time per level.
                   A        B        C        D        E       F      G
               +--------+--------+--------+--------+--------+-----+--------+
         Total |   1399 |   1384 |     15 |      0 |   1116 |   2 |  699.5 |
       Dungeon |   1399 |   1384 |     15 |      0 |   1116 |   2 |  699.5 |
               +--------+--------+--------+--------+--------+-----+--------+

Top non-repeatable levels by time:
     D:1: 1028 daAuts
     D:2: 370 daAuts
